Map: Old Republic LE

Players

SCIInewby

  • Race: Protoss Protoss
  • League: Master
  • Spawn Location: 1:00

Flam - Winner!

  • Race: Protoss Protoss
  • League: Platinum
  • Spawn Location: 7:00

VOD

Have the link to the VOD?

Description

Time

  • Played on: Feb. 7, 2026, 1:51 p.m.
  • Length: 2:52
Show
View Real Time Build Order
Export as new Build Order

SCIInewby Protoss 

Build Orders: Double Forge 

Get SALT Encoding   

  12  0:00  Probe  
  13  0:13  Probe  
  14  0:29  Pylon  
  14  0:31  Probe  
  15  0:47  Probe  
  15  0:48  Gateway  
  16  1:13  Pylon  
  16  1:34  Pylon  
  16  1:36  Pylon  
  16  1:47  Forge  
  16  1:51  Probe  
  10  2:03  Probe  
  11  2:13  Forge  
  11  2:15  Probe  
  12  2:27  Probe  
  11  2:37  Photon Cannon  
  11  2:39  Probe  
Show
View Real Time Build Order
Export as new Build Order

Flam Protoss - Winner!

Build Orders:  

Get SALT Encoding   

  1  0:00  Probe  
  12  0:05  Probe  
  14  0:17  Pylon  
  14  0:21  Probe  
  15  0:36  Forge  
  15  0:42  Probe  
  16  1:02  Pylon  
  16  1:22  Photon Cannon  
  16  1:26  Photon Cannon  
  16  1:30  Gateway  
  14  2:05  Probe  
  14  2:11  Zealot  
  14  2:13  Probe  
  14  2:14  Assimilator  
  18  2:23  Probe  
  19  2:30  Pylon  
  19  2:37  Gateway  
Tags
 
Matchup
PvP
Replay Pack
Multiplayer
Spawn Locations
Cross Positions
Add a new tag
Caveats
  • Supply blocks, unpowered buildings, or Contaminate may cause inaccurate times.
  • Supply counts are checked every 10 seconds.